 Dungeon Crawl Stone Soup version 0.27.1-33-g824d729ab1 (webtiles) character file.

Game seed: 16260275317013350690

377 sking99 the Chucker (level 6, -6/61 HPs)
             Began as a Troll Hunter on Dec 9, 2021.
             Was an Initiate of Fedhas.
             Mangled by a wyvern (17 damage)
             ... on level 3 of the Dungeon.
             The game lasted 00:05:44 (2348 turns).

sking99 the Chucker (Troll Hunter)                  Turns: 2348, Time: 00:05:44

Health: -6/61      AC:  4    Str: 23    XL:     6   Next: 45%
Magic:  5/5        EV:  9    Int:  7    God:    Fedhas [......]
Gold:   110        SH:  0    Dex: 10    Spells: 5/5 levels left

rFire    + . .     SeeInvis .     - Unarmed
rCold    x . .     Faith    .   (no shield)
rNeg     . . .     Spirit   .   b - +0 robe
rPois    .         Reflect  .   (helmet restricted)
rElec    .         Harm     .   (no cloak)
rCorr    .         Rampage  .   (gloves unavailable)
Will     .....                  (boots unavailable)
Stlth    +.........             (no amulet)
HPRegen  1.20/turn              r - ring of fire
MPRegen  0.09/turn              (no ring)

@: no status effects
A: large, unfitting armour, claws 3, regeneration 1, shaggy fur 1, tough skin 1
a: Renounce Religion


You were on level 3 of the Dungeon.
You worshipped Fedhas.
Fedhas was noncommittal.
You visited 1 branch of the dungeon, and saw 4 of its levels.

You collected 110 gold pieces.

Inventory:

Missiles
 c - 5 large rocks
 d - 3 throwing nets
 l - 76 stones (quivered)
 n - 2 boomerangs
 q - 8 poisoned darts
Armour
 b - a +0 robe (worn)
Jewellery
 r - a ring of fire (left claw)
Scrolls
 e - a scroll of fog {unknown}
 f - a scroll of enchant weapon {unknown}
 h - a scroll of silence {unknown}
 i - 2 scrolls of brand weapon {unknown}
 j - 3 scrolls of blinking {unknown}
 o - a scroll of noise {unknown}
 p - a scroll of vulnerability {unknown}
Potions
 a - a potion of lignification {unknown}
 k - a potion of invisibility
 m - 3 potions of haste
 s - a potion of magic


   Skills:
 + Level 3.5 Fighting
 + Level 5.0 Throwing
 - Level 1.5 Dodging
 - Level 0.3 Stealth
 + Level 3.5 Unarmed Combat


You had 5 spell levels left.
You didn't know any spells.
Your spell library was empty.

Dungeon Overview and Level Annotations

Branches:
Dungeon (4/15)
 Temple: D:4-7

Altars:
Fedhas

Annotations:
D:3 exclusion: door


Innate Abilities, Weirdness & Mutations

You are too large for most types of armour.
You have claws for hands.
Your natural rate of healing is unusually fast.
You are covered in fur. (AC +1)
You have tough skin. (AC +1)


Message History

Aim: a dart slug (heavily wounded, 93% to hit)
You throw a stone. The stone hits the dart slug.
The dart slug is severely wounded.
Throw: 77 stones
Press: ? - help, Q - select action, (/) - cycle Shift-Dir - straight line, f/p - dart slug
Aim: a dart slug (severely wounded, 93% to hit)
You throw a stone. The stone hits the dart slug.
You kill the dart slug!
Fedhas appreciates your contribution to the ecosystem.
You claw the water moccasin skeleton!
The water moccasin skeleton is lightly damaged.
The water moccasin skeleton misses you.
You scratch the water moccasin skeleton.
The water moccasin skeleton is moderately damaged.
The water moccasin skeleton bites you.
You scratch the water moccasin skeleton.
The water moccasin skeleton is heavily damaged.
The water moccasin skeleton closely misses you.
The wyvern bites you!
You hear an angry hiss.
The water moccasin skeleton bites you.
The water moccasin skeleton closely misses you.
The wyvern bites you!!
A ball python comes into view.
The wyvern bites you!
* * * LOW HITPOINT WARNING * * *
The wyvern completely misses you.
There is a stone staircase leading up here.
The wyvern bites you but does no damage.
The wyvern bites you!
* * * LOW HITPOINT WARNING * * *
You climb upwards.
Level annotation: exclusion: door
There is a stone staircase leading down here.
The wyvern bites you.
* * * LOW HITPOINT WARNING * * *
The wyvern barely misses you. The wyvern bites you!
You die...
Fedhas appreciates your contribution to the ecosystem.

#######
#######.....###############
.......†....+...@l....>...#
#######.....#############.#
####### #.# #.# #.# #[# #.#
#.# #.##


You could see a wyvern.

Vanquished Creatures
  Grinder (D:3)
  A scorpion (D:3)
  4 adders
  3 gnolls (D:3)
  A worm (D:2)
  A dart slug (D:4)
  4 orcs (D:3)
  A ball python (D:2)
  7 endoplasms
  A giant cockroach (D:1)
  6 goblins
  3 hobgoblins
  3 jackals (D:3)
  5 kobolds
  2 quokkas
  2 bats (D:2)
  2 frilled lizards (D:1)
  4 rats
51 creatures vanquished.

Vanquished Creatures (others)
  A plant (D:3)
1 creature vanquished.

Grand Total: 52 creatures vanquished

Notes
Turn   | Place    | Note
-------+----------+-------------------------------------------
     0 | D:1      | sking99 the Troll Hunter began the quest for the Orb.
     0 | D:1      | Reached XP level 1. HP: 19/19 MP: 0/0
   326 | D:1      | Reached XP level 2. HP: 28/28 MP: 1/1
   708 | D:2      | Reached skill level 1 in Unarmed Combat
   944 | D:2      | Reached skill level 4 in Throwing
   944 | D:2      | Reached XP level 3. HP: 34/35 MP: 2/2
  1178 | D:3      | Found a blossoming altar of Fedhas.
  1317 | D:3      | Became a worshipper of Fedhas Madash
  1521 | D:3      | Noticed a scorpion
  1603 | D:3      | Reached XP level 4. HP: 44/44 MP: 3/3
  1621 | D:3      | Noticed Grinder
  1646 | D:3      | Paralysed by Grinder for 6 turns
  1864 | D:3      | Paralysed by Grinder for 5 turns
  1869 | D:3      | Killed Grinder
  1870 | D:3      | Reached XP level 5. HP: 44/53 MP: 4/4
  1870 | D:3      | Reached XP level 6. HP: 50/61 MP: 5/5
  2122 | D:3      | Reached skill level 5 in Throwing
  2328 | D:4      | Noticed a wyvern
  2341 | D:4      | HP: 3/61 [wyvern (17)]
  2348 | D:3      | Mangled by a wyvern

Illustrated notes

Levels and vault maps discovered:
D:1:      matt_arrival_diagonals, layout_basic
D:2:      layout_rooms, minmay_heptomino_l4
D:3:      layout_basic, fedhas_altar_1, minmay_misc_feat_tower,
          grunt_ministairs_3, uniq_grinder
D:4:      layout_basic, kennysheep_okawaru_gauntlet,
          mainiacjoe_overflow_boulevard, minmay_temple_entry_statues_fountains,
          portal_sewer_entry_b, serial_bayou_lake_a, uniq_eustachio,
          uniq_natasha

Skill      XL: |  1  2  3  4  5  6 |
---------------+-------------------+-----
Unarmed Combat | 1 3 |  3.5
Fighting       | 2 3 |  3.5
Throwing       | 4 5 |  5.0
Dodging        | |  1.5
Stealth        | |  0.3

Action                   |  1- 3 |  4- 6 || total
-------------------------+-------+-------++-------
Melee: Unarmed           |    70 |    26 ||    96
Throw: Boomerang         |    11 |     4 ||    15
       Stone             |       |    33 ||    33
       Large rock        |       |     3 ||     3
  Use: Scroll            |       |     3 ||     3
 Stab: Sleeping          |     1 |       ||     1
Armor: Robe              |    13 |     8 ||    21
Dodge: Dodged            |    25 |    12 ||    37
